 Seeded DCSS version 0.28-a0-1190-g77e1c55 (webtiles) character file.

Game seed: 4194407014631911557 (custom seed)

520306 araganzar the Eclecticist (level 25, 135/135 HPs)
             Began as a Vine Stalker Air Elementalist on Dec 17, 2021.
             Was a Follower of Yredelemnul.
             Quit the game on level 1 of the Realm of Zot on Dec 18, 2021.
             The game lasted 07:24:18 (56140 turns).

araganzar the Eclecticist (VSAE)                   Turns: 56140, Time: 07:24:19

Health: 135/135    AC: 16    Str: 17    XL:     25   Next: 26%
Magic:  44/44      EV: 27    Int: 24    God:    Yredelemnul [*.....]
Gold:   2248       SH: 10    Dex: 29    Spells: 5/57 levels left

rFire   + . .      SeeInvis +   b - +1 quick blade "Jaotulee" {drain, rElec rC+ rN+ Str+4 Dex-2}
rCold   + + +      Faith    .   C - +2 buckler
rNeg    + . .      Spirit   +   u - +4 skin of Zhor {*Englaciate rC+++ SInv}
rPois   .          Reflect  .   E - +0 mask of the Dragon {Will+ Slay+3 SInv}
rElec   +          Harm     .   S - +1 cloak of Lesaute {Int+2}
rCorr   .          Rampage  +   J - +2 pair of gloves
Will    ++++.                   Y - +2 pair of boots {rampage}
Stlth   +++++++...              p - amulet of Ifoqot {Acrobat rElec Regen+ Int+3}
HPRegen 1.92/turn               H - +6 ring of dexterity
MPRegen 0.29/turn               d - ring of protection from fire {rF+, !d}

@: studying Bows
A: fangs 3, regeneration 1, magic shield, antimagic bite, no potion heal 2,
agile 1, strong 1
}: 3/15 runes: barnacled, silver, gossamer
a: Renounce Religion, Recall Undead Harvest


You were on level 1 of the Realm of Zot.
You worshipped Yredelemnul.
Yredelemnul was aware of your devotion.
You visited 10 branches of the dungeon, and saw 45 of its levels.
You also visited: Ice Cave and Volcano.

You collected 7356 gold pieces.
You spent 5108 gold pieces at shops.


Innate Abilities, Weirdness & Mutations

You have razor-sharp teeth.
Your natural rate of healing is unusually fast.
When hurt, damage is shared between your health and your magic reserves.
Your bite disrupts and absorbs the magic of your enemies.
Potions cannot restore your health.
You are agile. (Dex +2)
Your muscles are strong. (Str +2)


   Skills:
 - Level 15.0 Fighting
 - Level 10.0(10.4) Short Blades
 - Level 4.7(8.0) Long Blades
 - Level 4.0 Throwing
 - Level 10.0 Armour
 - Level 14.0 Dodging
 - Level 15.3 Stealth
 - Level 9.3 Shields
 + Level 16.6 Spellcasting
 + Level 10.1 Conjurations
 - Level 7.0 Hexes
 + Level 13.1 Summonings
 - Level 14.1 Necromancy
 - Level 5.0 Translocations
 - Level 2.5 Transmutations
 - Level 9.0 Ice Magic
 - Level 7.0 Air Magic
 - Level 8.0 Earth Magic
 - Level 9.0 Invocations
 - Level 5.6 Evocations


You had 5 spell levels left.
You knew the following spells:

 Your Spells              Type           Power      Damage    Failure   Level
a - Freezing Cloud        Conj/Ice/Air   29%        6-21      1%          5
c - Borgnjor's Vile Clut  Necr/Erth      32%        N/A       1%          5
d - Dispel Undead         Necr           73%        3d24      1%          4
e - Summon Forest         Summ/Tloc      29%        N/A       1%          5
f - Silence               Hex/Air        26%        N/A       4%          5
g - Haunt                 Necr/Summ      35%        N/A       9%          7
h - Spellforged Servitor  Conj/Summ      33%        N/A       19%         7
l - Blink                 Tloc           86%        N/A       1%          2
o - Apportation           Tloc           86%        N/A       1%          1
s - Swiftness             Air            52%        N/A       1%          3
v - Vampiric Draining     Necr           73%        2d11      1%          3
w - Wereblood             Tmut           31%        N/A       1%          2
z - Ozocubu's Armour      Ice            58%        N/A       1%          3

Your spell library contained the following spells:

 Spells                   Type           Power      Damage    Failure   Level
 Animate Skeleton         Necr           100%       N/A       0%          1
 Pain                     Necr           100%       1d9       0%          1
 Summon Small Mammal      Summ           100%       N/A       0%          1
 Beastly Appendage        Tmut           62%        N/A       1%          1
 Foxfire                  Conj/Fire      100%       2x1d9     1%          1
 Freeze                   Ice            100%       1d11      1%          1
 Magic Dart               Conj           100%       1d8       1%          1
 Shock                    Conj/Air       100%       1d9       1%          1
 Sting                    Tmut/Pois      100%       1d8       1%          1
 Call Imp                 Summ           70%        N/A       1%          2
 Corpse Rot               Necr/Air       100%       N/A       1%          2
 Ensorcelled Hibernation  Hex/Ice        100%       N/A       1%          2
 Searing Ray              Conj           100%       2d8       1%          2
 Static Discharge         Conj/Air       57%        N/A       1%          2
 Call Canine Familiar     Summ           70%        N/A       1%          3
 Dazzling Flash           Conj/Hex       100%       N/A       1%          3
 Frozen Ramparts          Ice            100%       1d12      1%          3
 Inner Flame              Hex/Fire       36%        N/A       1%          3
 Lesser Beckoning         Tloc           43%        N/A       1%          3
 Mephitic Cloud           Conj/Pois/Air  47%        N/A       1%          3
 Portal Projectile        Hex/Tloc       96%        N/A       1%          3
 Summon Guardian Golem    Hex/Summ       62%        N/A       1%          3
 Teleport Other           Tloc           43%        N/A       1%          3
 Airstrike                Air            26%        N/A       1%          4
 Animate Dead             Necr           36%        N/A       1%          4
 Fulminant Prism          Conj/Hex       28%        3d14      1%          4
 Hailstorm                Conj/Ice       60%        3d13      1%          4
 Iskenderun's Mystic Bla  Conj/Tloc      54%        2d12      1%          4
 Summon Ice Beast         Ice/Summ       64%        N/A       1%          4
 Summon Lightning Spire   Summ/Air       62%        N/A       1%          4
 Agony                    Necr           73%        N/A       1%          5
 Summon Mana Viper        Hex/Summ       62%        N/A       1%          5
 Lightning Bolt           Conj/Air       28%        1d45      2%          5
 Metabolic Englaciation   Hex/Ice        27%        N/A       2%          5
 Flame Wave               Conj/Fire      44%        2d8       3%          4
 Sticky Flame             Conj/Fire      44%        2d6       3%          4
 Scorch                   Fire           38%        2d6       4%          2
 Spider Form              Tmut/Pois      25%        N/A       4%          3
 Irradiate                Conj/Tmut      25%        3d21      5%          5
 Fireball                 Conj/Fire      22%        3d10      9%          5
 Manifold Assault         Tloc           43%        N/A       10%         5
 Olgreb's Toxic Radiance  Pois           19%        N/A       26%         4
 Alistair's Intoxication  Tmut/Pois      16%        N/A       41%         5
 Summon Cactus Giant      Summ           35%        N/A       1%          6
 Simulacrum               Ice/Necr       33%        N/A       3%          6
 Orb of Destruction       Conj           31%        9d12      34%         7
 Starburst                Conj/Fire      22%        6d7       45%         6
 Dispersal                Tloc           21%        N/A       47%         6
 Infestation              Necr           36%        N/A       47%         8
 Malign Gateway           Summ/Tloc      29%        N/A       50%         7
 Eringya's Noxious Bog    Tmut/Pois      12%        N/A       94%         6
 Disjunction              Tloc           21%        N/A       100%        8
 Ignition                 Fire           9%         3d5       100%        8
 Dragon's Call            Summ           35%        N/A       100%        9
 Fire Storm               Conj/Fire      22%        8d6       100%        9
 Polar Vortex             Ice            29%        N/A       100%        9
 Death Channel            Necr           Unusable   N/A       N/A         6

Inventory:

Hand Weapons
 b - the +1 quick blade "Jaotulee" (weapon) {drain, rElec rC+ rN+ Str+4 Dex-2}
   (You acquired it on level 11 of the Dungeon)

   A truly terrible weapon, it drains the life of any living foe it strikes.
   Str:       It affects your strength (+4).
   Dex:       It affects your dexterity (-2).
   rC:        It protects you from cold.
   rElec:     It insulates you from electricity.
   rN:        It protects you from negative energy.
 j - a +1 vampiric dagger {!w}
   (You took it off an orc on level 2 of the Orcish Mines)
 B - a +8 quick blade of venom
   (You subdued it on level 2 of the Elven Halls)
Missiles
 x - 8 throwing nets (quivered) {=f, !d}
 I - 6 curare-tipped darts
Armour
 a - the +3 Mad Mage's Maulers {Infuse+∞ RegenMP Int-3}
   (You acquired it on level 1 of the Vaults)

   It empowers its wearer's blows with all of their magic.
   It causes its wearer's magical reserves to regenerate more quickly.
   Int:       It affects your intelligence (-3).
 u - the +4 skin of Zhor (worn) {*Englaciate rC+++ SInv}
   (You found it on level 7 of the Dungeon)

   It radiates cold, occasionally slowing all nearby creatures who are not
   resistant to cold.
   rC:        It renders you almost immune to cold.
   SInv:      It lets you see invisible.
 C - a +2 buckler (worn)
   (You took it off a deep elf knight on level 3 of the Elven Halls)
 E - the +0 mask of the Dragon (worn) {Will+ Slay+3 SInv}
   (You found it on level 5 of the Vaults)

   Slay:      It affects your accuracy & damage with ranged weapons and melee
   (+3).
   SInv:      It lets you see invisible.
   Will:      It increases your willpower.
 J - a +2 pair of gloves (worn)
   (You found it on level 9 of the Dungeon)
 O - a +2 helmet of intelligence
   (You bought it in a shop on level 2 of the Vaults)
 S - the +1 cloak of Lesaute (worn) {Int+2}
   (You found it on level 3 of the Vaults)

   Int:       It affects your intelligence (+2).
 Y - a +2 pair of boots of rampaging (worn)
   (You found it on level 3 of the Elven Halls)
Jewellery
 d - a ring of protection from fire (right hand) {rF+, !d}
   (You bought it in a shop on level 2 of the Orcish Mines)
 p - the amulet of Ifoqot (around neck) {Acrobat rElec Regen+ Int+3}
   (You bought it in a shop on level 2 of the Elven Halls)

   [amulet of the acrobat]

   It increases your evasion while moving and waiting.
   Int:       It affects your intelligence (+3).
   rElec:     It insulates you from electricity.
   Regen:     It increases your rate of health regeneration.
 q - the ring "Tiysh" {Will++ EV+4}
   (You bought it in a shop on level 3 of the Depths)

   [ring of evasion]

   EV:        It affects your evasion (+4).
   Will:      It greatly increases your willpower.
 H - a +6 ring of dexterity (left hand)
   (You found it on level 8 of the Dungeon)
 L - a ring of flight {+Fly, !d}
   (You found it on level 13 of the Dungeon)
 U - a +6 ring of strength
   (You took it off a vault sentinel on level 5 of the Vaults)
 V - a ring of poison resistance {rPois, !d}
   (You took it off an ironbound preserver on level 3 of the Vaults)
Wands
 v - a wand of charming (3)
   (You found it on level 1 of the Spider Nest)
 G - a wand of iceblast (28)
   (You found it on level 8 of the Dungeon)
 N - a wand of digging (5)
   (You found it on level 11 of the Dungeon)
 R - a wand of acid (5)
   (You found it on level 12 of the Dungeon)
 W - a wand of mindburst (21)
   (You found it on level 3 of the Lair of Beasts)
Scrolls
 e - 21 scrolls of identify
 f - a scroll of enchant armour
 k - 9 scrolls of teleportation
 n - 8 scrolls of fog
 o - 3 scrolls of silence
 y - a scroll of summoning
 A - 3 scrolls of fear
 D - 2 scrolls of magic mapping {!r}
 K - 13 scrolls of blinking {!r}
Potions
 g - 2 potions of berserk rage {!q}
 h - 3 potions of might
 m - 2 potions of resistance
 r - 3 potions of cancellation
 s - 10 potions of lignification {!q}
 t - 8 potions of ambrosia
 w - 5 potions of mutation {!q}
 z - 5 potions of brilliance
 F - 2 potions of magic
 P - 3 potions of invisibility
 Q - 7 potions of curing
 T - 8 potions of attraction {!q}
 X - 7 potions of haste
Miscellaneous
 c - a condenser vane
   (You found it on level 10 of the Dungeon)
 i - a phantom mirror
   (You found it on level 10 of the Dungeon)

##########
#........#
#........#
#...∩...>#
#........#
#........#
#..####Z####
#.. #.@..#
#......(..##
#.........#
#.........#
...#######
... ..


You could see a friendly moth of wrath zombie.


Message History

Welcome to the Realm of Zot!
You feel the power of the Orb interfering with translocations here.
You radiate an aura of cold.
The tentacled monstrosity is unaffected.
The moth of wrath seems to slow down.
Found a scroll of teleportation.
Found an escape hatch in the floor.
There is a gate leading back out of this place here.
There are monsters nearby!
Unknown command.
Unknown command.
Unknown command.
Unknown command.
Unknown command.
The helpless tentacled monstrosity fails to defend itself.
You stick the tentacled monstrosity like a pincushion!!!!
You kill the tentacled monstrosity!
You radiate an aura of cold.
The moth of wrath seems to slow down.
You rampage towards the moth of wrath!
Found 17 stones.
You rampage towards the moth of wrath!
The helpless moth of wrath fails to defend itself.
You spit the moth of wrath like a pig!!!!
You kill the moth of wrath!
A black mist starts to gather...
There is an escape hatch in the floor here.
k - 9 scrolls of teleportation (gained 1)
Okay, then.
Save game and exit?
Options error: Bad channel -- rotten_meat (~/.crawlrc:5416) Welcome back, araganzar the Vine Stalker Air Elementalist.
Game seed: 4194407014631911557 (custom seed) Yredelemnul says: Carry the black torch!
Rouse the idle dead!

Action                   |  1- 3 |  4- 6 |  7- 9 | 10-12 | 13-15 | 16-18 | 19-21 | 22-24 | 25-27 || total
-------------------------+-------+-------+-------+-------+-------+-------+-------+-------+-------++-------
Melee: Unarmed           |     3 |       |       |       |       |       |       |       |       ||     3
       Bite              |     3 |    19 |   120 |   310 |   628 |   948 |   673 |  1203 |    90 ||  3994
       Short sword       |    14 |    55 |       |       |       |       |       |       |       ||    69
       Dagger            |       |    43 |   299 |   574 |   396 |       |       |       |       ||  1312
       Quick blade       |       |       |       |       |   636 |  1548 |   991 |  1751 |   131 ||  5057
Throw: Dart              |       |       |       |       |       |       |       |     2 |       ||     2
       Throwing net      |       |       |       |       |       |       |       |     2 |     3 ||     5
 Cast: Shock             |    44 |    25 |     1 |       |       |     1 |       |       |       ||    71
       Pain              |       |       |       |     8 |     2 |       |       |       |       ||    10
       Vampiric Draining |       |       |       |     4 |       |       |       |     1 |       ||     5
       Borgnjor's Vile C |       |       |       |     1 |    42 |   125 |   151 |   167 |     3 ||   489
       Ozocubu's Armour  |       |       |       |       |     1 |     1 |       |     6 |       ||     8
       Freezing Cloud    |       |       |       |       |       |     5 |    44 |    47 |       ||    96
       Apportation       |       |       |       |       |       |       |     1 |       |       ||     1
       Swiftness         |       |       |       |       |       |       |     1 |       |       ||     1
       Summon Forest     |       |       |       |       |       |       |       |    15 |     3 ||    18
       Dispel Undead     |       |       |       |       |       |       |       |    24 |     1 ||    25
       Summon Cactus Gia |       |       |       |       |       |       |       |     5 |       ||     5
       Haunt             |       |       |       |       |       |       |       |     1 |       ||     1
       Wereblood         |       |       |       |       |       |       |       |     3 |       ||     3
       Spellforged Servi |       |       |       |       |       |       |       |       |     2 ||     2
Invok: Recall Undead Har |     2 |     1 |       |     2 |     4 |     5 |    13 |    14 |     2 ||    43
       Dark Bargain      |       |       |       |    10 |    21 |    14 |     3 |     8 |       ||    56
       Bind Soul         |       |       |       |       |     1 |       |     9 |     6 |       ||    16
       Drain Life        |       |       |       |       |     1 |     4 |       |     5 |       ||    10
Evoke: Wand              |       |       |       |     6 |     5 |    12 |    10 |       |     1 ||    34
       Condenser vane    |       |       |       |     1 |       |     1 |       |       |       ||     2
  Use: Potion            |     2 |       |     2 |     3 |       |     1 |     1 |     2 |       ||    11
       Scroll            |       |     5 |    13 |     7 |     4 |     9 |     9 |    20 |     4 ||    71
 Stab: Sleeping          |     4 |     6 |     7 |    22 |    46 |    43 |    34 |    60 |     2 ||   224
       Distracted        |       |       |     1 |     7 |    16 |    18 |    19 |    45 |     3 ||   109
       Invisible         |       |       |       |       |       |       |     3 |       |       ||     3
       Held in net/web   |       |       |       |       |       |       |       |     6 |     5 ||    11
Armor: Robe              |    10 |    17 |     2 |       |       |       |       |       |       ||    29
       Leather armour    |       |       |    25 |       |       |       |       |       |       ||    25
       Animal skin       |       |       |    37 |    56 |   105 |   167 |    80 |   192 |     7 ||   644
Dodge: Dodged            |    35 |    72 |   124 |   160 |   291 |   675 |   496 |   807 |    59 ||  2719
Block: Buckler           |       |       |    41 |   101 |   245 |   304 |   209 |   381 |    21 ||  1302
       Reflection        |       |       |       |     1 |     9 |     4 |       |       |       ||    14

Levels and vault maps discovered:
D:1:      minmay_arrival_four_houses, layout_basic,
          dreamdust_ecumenical_altar_drowned_temple
D:2:      layout_loops_ring, basic_altar, nicolae_wormholes
D:3:      layout_loops_cross
D:4:      layout_basic, zin_treasury, uniq_edmund, uniq_pikel
D:5:      layout_cave_pods, led_sif_pool, vehumet_statue,
          nicolae_wooded_promenade, grunt_decor_clamped, uniq_sigmund
D:6:      layout_rooms, minmay_temple_entry_purple_smoke,
          hangedman_decor_growths, minmay_misc_feat_secret_circle,
          uniq_prince_ribbit1
D:7:      layout_cave_pools, kennysheep_little_box
D:8:      layout_basic
D:9:      layout_roguey, erik_lair_dragon, orc_david_3, serial_shops, shop,
          grunt_ministairs_7
D:10:     layout_basic, elyvilon_altar_3, kennysheep_slug_shrine,
          nemelex_diamond_rough_becter, uniq_erolcha
D:11:     layout_rooms, serial_shops, shop, uniq_maurice
D:12:     layout_basic, uniq_sonja, uniq_frances, uniq_jorgrun
D:13:     layout_roguey, maelrawn_ghost_gauntlet_escape,
          nicolae_trove_entry_free_sample
D:14:     layout_basic, erik_vaults_1, minmay_holes,
          portal_ice_cave_entry_ugly_swarm
D:15:     hangedman_depths_entry_civil_slaughter, layout_rooms,
          minmay_misc_feat_pillars, nrook_mini_backslash,
          kennysheep_inner_square, uniq_josephine, uniq_agnes
Lair:1:   layout_hall_layers, beast_lair_carwin_6, serial_bayou_shore_a,
          grunt_megastairs_3
Lair:2:   layout_hall_layers, ebering_ghost_xom, basic_altar,
          grunt_megastairs_2, lemuel_fruit_tree, uniq_maggie, uniq_gastronok,
          uniq_fannar, uniq_harold, uniq_erica
Lair:3:   layout_cave_pods, nicolae_lair_grove_arrangements
Lair:4:   layout_regular_city, shoals_dummy_entry, spider_nest_entry_funnel_web,
          infiniplex_staircase_pool, serial_bayou_shore_b
Lair:5:   layout_regular_city, lightli_volcano_entry_magma_tube, dpeg_oklob_1,
          serial_bayou_shore_b, grunt_megastairs_5
Lair:6:   evil_forest, layout_layer_cave, dpeg_slime_entry_enclosed_altar
Shoals:1: layout_shoals, nicolae_shoals_hidden_pirate_stash
Shoals:2: layout_shoals, uniq_ilsuiw
Shoals:3: layout_shoals, st_sunken_huts
Shoals:4: shoals_end_simple, layout_shoals, nicolae_shoals_sun_and_surf
Spider:1: layout_spider_delve, drop_trap
Spider:2: layout_spider_delve, nzn_ghost_randoct
Spider:3: layout_chambers
Spider:4: grunt_spider_rune_circles
Orc:1:    layout_caves, serial_shops, nicolae_shop_advertising_works
          [nicolae_subvault_shop_adworks]
Orc:2:    st_orc_town, layout_caves
Elf:1:    minmay_elf_arrival_plus, layout_geoelf_grid, minivault_28
Elf:2:    elven_hall_of_blades_hangedman_original [mumra_blade_entry_dagger],
          layout_geoelf_diagonals, serial_shops, nicolae_stop_n_shop_2
Elf:3:    minmay_elf_hall, layout_rooms, nicolae_elf_blasts_and_bolts
Vaults:1: ontoclasm_vaults_bender, vaults_mumra_minichess_inversion,
          nicolae_vaults_little_squares_1, grunt_vaults_hallway_short,
          vaults_mumra_chevron_long, ontoclasm_vaults_gateway, v_misc_19,
          ontoclasm_vaults_twist, vaults_room_grid, hangedman_vaults_trim,
          hangedman_vaults_nails, gammafunk_sealed_library,
          hangedman_vaults_trim, ontoclasm_vaults_ligature, v_misc_11,
          vaults_dpeg_hooks, layout_vaults_omnibox, uniq_donald
Vaults:2: hangedman_vaults_maws, vaults_dpeg_diagonal, nicolae_vaults_little_ls,
          nicolae_vaults_little_squares_5, v_misc_22, v_misc_4,
          nicolae_vaults_little_squares_1, v_alt_pattern_4,
          nicolae_vaults_little_squares_6, nicolae_vaults_little_squares_3,
          layout_vaults_quadrants, serial_shops, nicolae_shop_statue_plus,
          uniq_nikola
Vaults:3: st_greater_box_1, nicolae_vaults_mini_display_case,
          minmay_crypt_entry_simple_walls, hangedman_vaults_capsules,
          layout_vaults_chaotic_city
Vaults:4: vaults_room_fancy_cross, grunt_vaults_funneled_arena, v_rooms_5,
          vaults_room_grid, ontoclasm_vaults_ring_small,
          nicolae_vaults_circle_grid_a, vaults_room_stairs_pillars, v_misc_19,
          vaults_room_pools, nicolae_vaults_what_the_h,
          nicolae_vaults_little_squares_2, ontoclasm_vaults_chip,
          vaults_room_semicircle, layout_vaults_big_cross
Vaults:5: serial_shops, uniq_jory
Crypt:1:  layout_gridlike, serial_sigils_hangedman_scar, lemuel_dead_fish_pool,
          minmay_guarded_unrand_curses
Depths:1: layout_gridville, abyss_entry, hell_entry, grunt_pan_entry_spiral,
          serial_shops, nicolae_shop_behind_doors, nicolae_xom_altar_mimics,
          kennysheep_pointless_box, minmay_multi_spiral
Depths:2: lemuel_river_lethe, pan_entry, hell_entry, uniq_aizul
Depths:3: nicolae_cairo_tiling_large_dashed, layout_small_grid,
          pf_hell_entry_tar_river, serial_shops, nicolae_stop_n_shop_1,
          nicolae_abyss_entry_one_way_or_another, kiku_gazebo_pond_becter,
          infiniplex_staircase_pillars_1
Depths:4: evilmike_zot_entry_diamond, layout_honeycomb, enter_ziggurat_a,
          hell_entry, abyss_entry_glasseish, serial_shops,
          nicolae_shop_bloodbath_and_beyond, serial_hangedman_research,
          hangedman_research_pyrotechnics, hangedman_research_toxicology,
          hangedman_research_probablistics, hangedman_research_quantum,
          hangedman_research_electronics, chequers_serial_rivers_micro_e
Zot:1:    layout_gridville, gammafunk_ghost_door_vault

Notes
Turn   | Place    | Note
-------+----------+-------------------------------------------
     0 | D:1      | araganzar the Vine Stalker Air Elementalist began the quest
                  | for the Orb.
     0 | D:1      | Reached XP level 1. HP: 9/9 MP: 4/4
   212 | D:1      | Reached XP level 2. HP: 9/13 MP: 1/6
   313 | D:1      | Learned a level 2 spell: Static Discharge
   450 | D:1      | Found a faded altar of an unknown god.
   483 | D:1      | Prayed at the altar of an unknown god.
   483 | D:1      | Became a worshipper of Yredelemnul the Dark
   483 | D:1      | Reached * piety under Yredelemnul
  1080 | D:1      | Reached XP level 3. HP: 17/17 MP: 2/7
  1088 | D:1      | Reached skill level 1 in Fighting
  1177 | D:1      | Reached ** piety under Yredelemnul
  1178 | D:1      | Learned a level 3 spell: Swiftness
  2144 | D:2      | Reached skill level 1 in Invocations
  2255 | D:2      | Reached skill level 1 in Short Blades
  2255 | D:2      | Gained mutation: Your natural rate of healing is unusually
                  | fast. [Vine Stalker growth]
  2255 | D:2      | Reached XP level 4. HP: 23/23 MP: 5/8
  2510 | D:2      | Found a white marble altar of Elyvilon.
  2539 | D:2      | Reached skill level 2 in Fighting
  2924 | D:3      | Reached skill level 2 in Short Blades
  2985 | D:3      | Reached XP level 5. HP: 26/26 MP: 9/9
  3624 | D:4      | Noticed Edmund
  3686 | D:3      | Killed Edmund
  3687 | D:3      | Reached skill level 3 in Short Blades
  3687 | D:3      | Reached skill level 2 in Invocations
  3687 | D:3      | Reached XP level 6. HP: 30/30 MP: 10/10
  3814 | D:4      | Noticed Pikel
  3856 | D:4      | Killed Pikel
  3857 | D:4      | Reached skill level 4 in Short Blades
  3857 | D:4      | Reached skill level 6 in Short Blades
  3857 | D:4      | Reached skill level 3 in Spellcasting
  3857 | D:4      | Reached XP level 7. HP: 33/35 MP: 5/12
  4210 | D:4      | Reached skill level 1 in Shields
  4408 | D:4      | Reached skill level 3 in Stealth
  4408 | D:4      | Gained mutation: You have razor-sharp teeth. [Vine Stalker
                  | growth]
  4408 | D:4      | Reached XP level 8. HP: 34/39 MP: 10/13
  4447 | D:4      | Found a glowing silver altar of Zin.
  4517 | D:5      | Entered Level 5 of the Dungeon
  4533 | D:5      | Found Kitail's Weapon Emporium.
  4534 | D:5      | Found Vagu's Antique Weapon Shop.
  4781 | D:5      | Reached skill level 2 in Shields
  4860 | D:5      | Reached skill level 3 in Fighting
  4882 | D:5      | Noticed Sigmund
  4883 | D:5      | Gained mutation: You are frail. (-10% HP) [potion of
                  | mutation]
  4883 | D:5      | Gained mutation: Your spells are a little harder to cast,
                  | but a little more powerful. [potion of mutation]
  5115 | D:5      | Found a shimmering blue altar of Sif Muna.
  5317 | D:5      | Reached skill level 3 in Shields
  5559 | D:6      | Noticed Prince Ribbit
  5559 | D:6      | Found a staircase to the Ecumenical Temple.
  5745 | D:5      | Found a radiant altar of Vehumet.
  5895 | D:6      | Identified the +1 plate armour of the Clam {Str+2}
  5904 | D:6      | Reached skill level 4 in Shields
  5951 | D:6      | Reached skill level 1 in Armour
  6367 | D:7      | Found the +4 skin of Zhor {*Englaciate rC+++ SInv}
  6407 | D:7      | Noticed a wyvern
  6501 | D:6      | Killed Prince Ribbit
  6502 | D:6      | Reached skill level 4 in Stealth
  6620 | D:7      | Reached skill level 7 in Short Blades
  6630 | D:7      | Reached skill level 5 in Stealth
  6630 | D:7      | Reached XP level 9. HP: 39/39 MP: 14/14
  6694 | D:7      | Reached skill level 6 in Stealth
  6971 | D:7      | Found a broken altar of Ashenzari.
  7025 | D:7      | Reached skill level 8 in Short Blades
  7025 | D:7      | Reached skill level 2 in Dodging
  7032 | D:7      | Learned a level 1 spell: Animate Skeleton
  7126 | D:8      | Reached skill level 1 in Necromancy
  7461 | D:8      | Reached skill level 2 in Necromancy
  7463 | D:8      | Learned a level 1 spell: Pain
  7733 | D:8      | Reached skill level 3 in Dodging
  7733 | D:8      | Reached skill level 3 in Necromancy
  8177 | D:9      | Noticed a freezing wraith
  8177 | D:9      | Noticed a two-headed ogre
  8231 | D:9      | Found a staircase to the Orcish Mines.
  8231 | D:9      | Found Leheici's Armour Boutique.
  8232 | D:9      | Noticed a five-headed hydra
  8478 | D:9      | Found Nueffud's Book Shoppe.
  8534 | D:9      | Identified the +3 plate armour "Lokoligo" {Int+5 Stlth+}
  8582 | D:9      | Reached skill level 4 in Dodging
  8582 | D:9      | Reached skill level 4 in Necromancy
  8793 | D:9      | Reached skill level 4 in Fighting
  8793 | D:9      | Reached XP level 10. HP: 39/44 MP: 15/15
  8866 | D:9      | Reached skill level 4 in Spellcasting
  8879 | D:9      | Reached skill level 3 in Invocations
  8900 | D:9      | Reached skill level 4 in Invocations
  8912 | D:9      | Found a staircase to the Lair.
  9339 | D:9      | Bought a +2 cloak of stealth for 344 gold pieces
  9374 | Orc:1    | Entered Level 1 of the Orcish Mines
  9383 | Orc:1    | Reached skill level 5 in Fighting
  9573 | Orc:2    | Entered Level 2 of the Orcish Mines
  9573 | Orc:2    | Noticed an orc sorcerer
  9699 | Orc:1    | Reached skill level 6 in Fighting
  9766 | Orc:1    | Found Arhomol's Jewellery Shoppe.
  9991 | Orc:2    | Found a staircase to the Elven Halls.
 10004 | Orc:2    | Found Jioceroa's Antique Armour Shop.
 10004 | Orc:2    | Noticed an orc sorcerer
 10012 | Orc:2    | Noticed an orc sorcerer
 10086 | D:10     | Entered Level 10 of the Dungeon
 10116 | D:10     | Found a snail-covered altar of Cheibriados.
 10293 | D:10     | Found a white marble altar of Elyvilon.
 10430 | D:10     | Learned a level 2 spell: Corpse Rot
 10434 | D:10     | Learned a level 3 spell: Vampiric Draining
 10921 | D:10     | Found a sparkling altar of Nemelex Xobeh.
 11026 | D:10     | Noticed Erolcha
 11449 | D:11     | Noticed Maurice
 11449 | D:11     | Noticed an unseen horror
 11450 | D:11     | Killed Maurice
 11451 | D:11     | Reached skill level 5 in Dodging
 11454 | D:11     | Killed an unseen horror
 11455 | D:11     | Reached XP level 11. HP: 50/50 MP: 18/18
 11501 | D:11     | Reached skill level 9 in Short Blades
 11507 | D:11     | Reached *** piety under Yredelemnul
 11671 | D:11     | Found Keatag's Magic Scroll Shop.
 11675 | D:11     | Noticed a soul eater
 11681 | D:11     | Reached skill level 6 in Dodging
 11827 | D:11     | Noticed a red ugly thing
 12033 | D:11     | Lost mutation: You are frail. (-10% HP) [potion of
                  | mutation]
 12033 | D:11     | Lost mutation: Your spells are a little harder to cast, but
                  | a little more powerful. [potion of mutation]
 12033 | D:11     | Gained mutation: Your muscles are strong. (Str +2) [potion
                  | of mutation]
 12033 | D:11     | Gained mutation: You are clumsy. (Dex -2) [potion of
                  | mutation]
 12033 | D:11     | Gained mutation: You have hidden genetic potential. [potion
                  | of mutation]
 12326 | D:12     | Noticed a two-headed ogre
 12334 | D:12     | Killed a two-headed ogre
 12335 | D:12     | Reached skill level 10 in Short Blades
 12387 | D:12     | Noticed Sonja
 12390 | D:12     | Killed Sonja
 12391 | D:12     | Reached skill level 5 in Necromancy
 12405 | D:12     | Learned a level 4 spell: Dispel Undead
 12511 | D:12     | Reached skill level 5 in Spellcasting
 12769 | D:12     | Noticed Jorgrun
 12848 | D:12     | Noticed Frances
 12860 | D:12     | Noticed a sixfirhy
 13177 | Lair:1   | Entered Level 1 of the Lair of Beasts
 13256 | Lair:1   | Reached skill level 6 in Spellcasting
 13460 | Lair:1   | Reached skill level 5 in Invocations
 13526 | Lair:1   | Reached skill level 6 in Invocations
 13543 | Lair:1   | Reached skill level 6 in Necromancy
 13543 | Lair:1   | Reached XP level 12. HP: 61/61 MP: 22/22
 13549 | Lair:1   | Learned a level 5 spell: Borgnjor's Vile Clutch
 13569 | Lair:1   | Reached **** piety under Yredelemnul
 13628 | Lair:1   | Reached skill level 1 in Earth Magic
 13744 | Lair:1   | Reached skill level 2 in Earth Magic
 13754 | Lair:1   | Reached skill level 3 in Earth Magic
 13836 | Lair:1   | Lost mutation: You are clumsy. (Dex -2) [hidden potential]
 13930 | Lair:1   | Reached skill level 4 in Earth Magic
 14192 | Lair:1   | Reached skill level 7 in Spellcasting
 14339 | Lair:2   | Noticed Maggie
 14363 | Lair:2   | Reached skill level 5 in Earth Magic
 14365 | Lair:2   | Noticed Fannar
 14366 | Lair:2   | Killed Maggie
 14376 | Lair:2   | Killed Fannar
 14377 | Lair:2   | Reached skill level 6 in Earth Magic
 14479 | Lair:2   | Noticed Harold
 14481 | Lair:2   | Noticed Gastronok
 14482 | Lair:2   | Found a glowing silver altar of Zin.
 14510 | Lair:2   | Killed Harold
 14519 | Lair:2   | Your ally Maggie died
 14584 | Lair:2   | Noticed Erica
 14679 | Lair:2   | Found a runed translucent door.
 14680 | Lair:2   | Found a shimmering altar of Xom.
 14680 | Lair:2   | Noticed Weugil's ghost (journeyman HaBe)
 14806 | Lair:2   | Reached skill level 7 in Necromancy
 14985 | Lair:2   | Reached skill level 8 in Necromancy
 15123 | Lair:2   | Noticed a four-headed hydra
 15130 | Lair:2   | Killed a four-headed hydra
 15145 | Lair:2   | Killed Erica
 15146 | Lair:2   | Reached skill level 8 in Spellcasting
 15435 | Lair:3   | Noticed a seven-headed hydra
 15567 | Lair:3   | Reached XP level 13. HP: 65/65 MP: 26/26
 15684 | Lair:3   | Reached skill level 7 in Earth Magic
 15730 | Lair:3   | Reached skill level 9 in Necromancy
 16130 | Lair:3   | Gained mutation: You are agile. (Dex +2) [hidden potential]
 16130 | Lair:3   | Lost mutation: You have hidden genetic potential. [hidden
                  | potential expressed]
 16748 | Lair:4   | Reached skill level 8 in Earth Magic
 16751 | Lair:4   | Reached skill level 7 in Fighting
 16871 | Lair:4   | Found a staircase to the Shoals.
 17142 | Lair:4   | Found a hole to the Spider Nest.
 17235 | Lair:4   | Reached skill level 8 in Fighting
 17246 | Lair:4   | Reached skill level 1 in Evocations
 17250 | Lair:4   | Reached ***** piety under Yredelemnul
 17281 | Lair:4   | Reached skill level 2 in Evocations
 17544 | Lair:5   | Reached skill level 3 in Evocations
 17579 | Lair:5   | You fall into a shaft and drop 1 floor!
 17579 | Lair:6   | Entered Level 6 of the Lair of Beasts
 17625 | Lair:6   | Reached skill level 1 in Long Blades
 17710 | Lair:6   | Reached skill level 2 in Long Blades
 17747 | Lair:6   | Reached skill level 3 in Long Blades
 17761 | Lair:6   | Reached ****** piety under Yredelemnul
 17762 | Lair:6   | Reached skill level 7 in Dodging
 17771 | Lair:6   | Reached skill level 4 in Long Blades
 17771 | Lair:6   | Reached XP level 14. HP: 67/73 MP: 27/27
 17772 | Lair:6   | Found a viscous altar of Jiyva.
 17772 | Lair:6   | Found a staircase to the Slime Pits.
 17918 | Lair:6   | Reached skill level 8 in Dodging
 18009 | Lair:5   | Found a dark tunnel.
 18017 | Volcano  | Entered a volcano
 18121 | Volcano  | Found a bloodstained altar of Trog.
 18606 | Lair:5   | Got the Grimoire of the Blaze and Darkness
 19168 | D:11     | Bought a scroll of acquirement for 780 gold pieces
 19168 | D:11     | Acquired the +1 quick blade "Jaotulee" {drain, rElec rC+
                  | rN+ Str+4 Dex-2}
 19445 | Lair:6   | Reached skill level 9 in Fighting
 19456 | Lair:6   | Reached skill level 9 in Spellcasting
 19580 | Lair:6   | Reached skill level 2 in Armour
 19903 | Lair:6   | Reached skill level 3 in Armour
 20225 | Lair:6   | Found a burning altar of Makhleb.
 20230 | Lair:6   | Found a gateway to Hell.
 20250 | Lair:6   | Reached skill level 4 in Armour
 20263 | Lair:6   | Identified the +6 morningstar of the Spectre {vorpal, rF+
                  | Stlth+}
 20335 | Lair:6   | Reached skill level 9 in Dodging
 21089 | D:13     | Noticed Kokhlaf's ghost (journeyman DECj)
 21170 | D:13     | Found a portal to a secret trove of treasure.
 21301 | D:13     | Reached XP level 15. HP: 79/79 MP: 29/29
 21305 | D:13     | Learned a level 3 spell: Ozocubu's Armour
 21433 | D:13     | Found a runed translucent gate.
 21433 | D:13     | Found a runed translucent gate.
 21433 | D:13     | Found a runed translucent gate.
 21718 | D:14     | Found a frozen archway.
 21733 | D:14     | Reached skill level 1 in Ice Magic
 21767 | D:14     | Reached skill level 7 in Stealth
 21783 | D:14     | Reached skill level 2 in Ice Magic
 21842 | IceCv    | Entered an ice cave
 22090 | IceCv    | Reached skill level 3 in Ice Magic
 22141 | IceCv    | Reached skill level 8 in Stealth
 22396 | IceCv    | Reached skill level 4 in Ice Magic
 22397 | IceCv    | Reached skill level 10 in Dodging
 22485 | IceCv    | Noticed a shard shrike
 22641 | IceCv    | Reached skill level 10 in Fighting
 22641 | IceCv    | Reached skill level 9 in Stealth
 22862 | D:14     | Found a gate to the Vaults.
 22957 | D:14     | Reached skill level 10 in Stealth
 23541 | D:15     | Entered Level 15 of the Dungeon
 23541 | D:15     | Noticed Agnes
 23543 | D:15     | Killed Agnes
 23580 | D:15     | Reached skill level 5 in Ice Magic
 23746 | D:15     | Noticed Josephine
 23751 | D:15     | Killed Josephine
 23753 | D:15     | Reached skill level 10 in Spellcasting
 23760 | D:15     | Reached XP level 16. HP: 85/85 MP: 31/31
 23800 | D:15     | Found a staircase to the Depths.
 23828 | D:15     | Reached skill level 6 in Ice Magic
 23836 | D:15     | Your ally Josephine died
 23839 | D:15     | Reached skill level 11 in Stealth
 23855 | D:15     | Reached skill level 12 in Stealth
 23955 | D:15     | Reached skill level 4 in Evocations
 24108 | D:15     | Reached skill level 5 in Evocations
 24704 | D:11     | Bought a scroll of identify for 30 gold pieces
 24704 | D:11     | Bought a scroll of immolation for 52 gold pieces
 24936 | Orc:2    | Found Yleexo's Weapon Shoppe.
 25076 | Orc:2    | Found Dugul's Antique Weapon Shoppe.
 25076 | Orc:2    | Found Poad's Jewellery Shop.
 25081 | Orc:2    | Reached skill level 7 in Ice Magic
 25483 | Orc:2    | Reached skill level 7 in Invocations
 25844 | Orc:2    | Bought a heavily runed kite shield for 228 gold pieces
 25844 | Orc:2    | Identified the +2 kite shield of the Gloaming {Harm Rampage
                  | +Inv Int-2} (You bought it in a shop on level 2 of the
                  | Orcish Mines)
 26063 | Elf:1    | Entered Level 1 of the Elven Halls
 26372 | Elf:1    | Reached skill level 11 in Fighting
 27098 | Elf:2    | Reached XP level 17. HP: 93/93 MP: 32/32
 27127 | Elf:2    | Reached skill level 12 in Fighting
 27366 | Elf:2    | Found Ypreedirra's Jewellery Boutique.
 27459 | Elf:2    | Bought the amulet of Ifoqot {Acrobat rElec Regen+ Int+3}
                  | for 804 gold pieces
 27503 | Elf:2    | Reached skill level 11 in Dodging
 27646 | Elf:3    | Entered Level 3 of the Elven Halls
 28385 | Depths:1 | Entered Level 1 of the Depths
 28632 | Lair:2   | Killed Gastronok
 28711 | Spider:1 | Entered Level 1 of the Spider Nest
 28834 | Spider:1 | Reached skill level 2 in Conjurations
 29084 | Spider:1 | Reached skill level 4 in Air Magic
 29116 | Spider:1 | Learned a level 1 spell: Apportation
 29168 | Spider:1 | Reached skill level 3 in Conjurations
 29821 | Spider:2 | Reached skill level 4 in Conjurations
 29821 | Spider:2 | Reached skill level 5 in Air Magic
 29914 | Spider:2 | Learned a level 5 spell: Freezing Cloud
 30136 | Spider:2 | Reached skill level 11 in Spellcasting
 30253 | Spider:2 | Noticed airbender's ghost (journeyman DrFi)
 30263 | Spider:2 | Found a transporter.
 30268 | Spider:2 | Found a transporter.
 30591 | Spider:3 | Reached skill level 5 in Conjurations
 30661 | Spider:3 | Reached skill level 6 in Air Magic
 30927 | Spider:3 | Reached XP level 18. HP: 98/98 MP: 34/34
 30982 | Spider:3 | Reached skill level 6 in Conjurations
 30985 | Spider:3 | Learned a level 2 spell: Wereblood
 31093 | Spider:3 | Reached skill level 1 in Transmutations
 31348 | Spider:3 | Reached skill level 2 in Transmutations
 32047 | Spider:4 | Entered Level 4 of the Spider Nest
 32293 | Spider:4 | Reached skill level 8 in Ice Magic
 32383 | Spider:4 | Reached skill level 7 in Conjurations
 32383 | Spider:4 | Reached skill level 7 in Air Magic
 32685 | Spider:4 | Reached skill level 12 in Spellcasting
 32880 | Spider:4 | Reached skill level 9 in Ice Magic
 33398 | Spider:4 | Reached skill level 12 in Dodging
 33556 | Spider:4 | Got a gossamer rune of Zot
 33934 | Lair:1   | Upgraded the game from 0.28-a0-1184-g53156a8 to
                  | 0.28-a0-1190-g77e1c55
 33934 | Lair:1   | araganzar: /beem hi
 33934 | Lair:1   | araganzar: beem hi
 33934 | Lair:1   | araganzar: hi beem
 33934 | Lair:1   | araganzar: @beem hi
 33934 | Lair:1   | araganzar: &dump
 33934 | Lair:1   | beem:
                  | https://crawl.project357.org/morgue/araganzar/araganzar.txt
 34136 | Elf:2    | Found a runed translucent gate.
 34136 | Elf:2    | Found a runed translucent gate.
 34136 | Elf:2    | Found a runed translucent gate.
 34319 | Elf:2    | Reached skill level 13 in Stealth
 34394 | Elf:2    | Noticed a deep elf blademaster
 34417 | Elf:2    | Reached XP level 19. HP: 102/102 MP: 13/36
 34872 | Elf:3    | Reached skill level 14 in Stealth
 35196 | Elf:3    | Reached skill level 15 in Stealth
 35557 | Vaults:1 | Entered Level 1 of the Vaults
 35697 | D:14     | Reached skill level 5 in Shields
 36013 | Vaults:1 | Reached skill level 6 in Shields
 36142 | Vaults:1 | Reached skill level 7 in Shields
 36420 | Vaults:1 | Reached skill level 8 in Shields
 36428 | Vaults:1 | Acquired the +3 Mad Mage's Maulers {Infuse+∞ RegenMP Int-3}
 36428 | Vaults:1 | Found the +3 Mad Mage's Maulers {Infuse+∞ RegenMP Int-3}
 36458 | Vaults:1 | Reached skill level 1 in Throwing
 36510 | Vaults:1 | Reached skill level 2 in Throwing
 36738 | Vaults:1 | Noticed Donald
 36896 | Vaults:1 | Reached skill level 3 in Throwing
 37039 | Vaults:1 | Reached skill level 4 in Throwing
 37051 | Vaults:1 | Killed Donald
 37059 | Vaults:1 | Your ally Donald died
 37227 | Vaults:1 | Reached skill level 8 in Invocations
 37454 | Vaults:1 | Found a transporter.
 37458 | Vaults:1 | Found a radiant altar of Vehumet.
 37458 | Vaults:1 | Identified the +0 robe "Xaur" {Will+ Str+3 Int+2}
 37495 | Vaults:1 | Noticed an ancient lich
 37603 | Vaults:2 | Reached skill level 9 in Invocations
 37685 | Vaults:2 | Reached skill level 5 in Armour
 37866 | Vaults:2 | Reached XP level 20. HP: 107/107 MP: 37/37
 37988 | Vaults:2 | Found Zoidied's Antique Armour Shop.
 37997 | Vaults:2 | Bought a pair of runed boots for 277 gold pieces
 38002 | Vaults:2 | Bought a glowing helmet for 277 gold pieces
 38139 | Vaults:2 | Reached skill level 6 in Armour
 38430 | Vaults:2 | Reached skill level 7 in Armour
 38617 | Vaults:2 | Noticed Nikola
 38651 | Vaults:2 | Killed Nikola
 38651 | Vaults:2 | Enslaved Nikola
 39382 | Vaults:3 | Reached skill level 13 in Dodging
 39388 | Vaults:3 | Your ally Nikola died
 39458 | Vaults:3 | Noticed a golden dragon
 39471 | Vaults:3 | Killed a golden dragon
 39490 | Vaults:3 | Identified the +1 cloak of Lesaute {Int+2}
 39626 | Vaults:3 | Reached skill level 14 in Dodging
 39693 | Vaults:3 | Got the Incunabulum of the Arsonist and Companions
 39700 | Vaults:3 | Learned a level 5 spell: Summon Forest
 39827 | Vaults:3 | Got the Compendium of Calling
 39851 | Vaults:3 | Reached skill level 1 in Summonings
 39861 | Vaults:3 | Reached skill level 1 in Translocations
 39973 | Vaults:3 | Reached skill level 2 in Summonings
 39973 | Vaults:3 | Reached skill level 2 in Translocations
 40116 | Vaults:3 | Found a staircase to the Crypt.
 40250 | Vaults:3 | Reached skill level 3 in Summonings
 40250 | Vaults:3 | Reached skill level 3 in Translocations
 40409 | Vaults:3 | Reached skill level 4 in Summonings
 40409 | Vaults:3 | Reached skill level 4 in Translocations
 40669 | Crypt:1  | Entered Level 1 of the Crypt
 40888 | Vaults:4 | Learned a level 5 spell: Silence
 41025 | Vaults:4 | Reached skill level 5 in Summonings
 41025 | Vaults:4 | Reached skill level 5 in Translocations
 41025 | Vaults:4 | Reached XP level 21. HP: 85/111 MP: 14/38
 41123 | Vaults:4 | Reached skill level 6 in Summonings
 41405 | Vaults:4 | Reached skill level 7 in Summonings
 41406 | Vaults:4 | Reached skill level 1 in Hexes
 41415 | Vaults:4 | Reached skill level 2 in Hexes
 41651 | Vaults:4 | Reached skill level 3 in Hexes
 41699 | Vaults:4 | Reached skill level 4 in Hexes
 41724 | Vaults:4 | Reached skill level 5 in Hexes
 42164 | Vaults:4 | Learned a level 6 spell: Summon Cactus Giant
 42818 | D:12     | Killed Jorgrun
 42854 | D:13     | Reached skill level 13 in Fighting
 42872 | D:13     | Killed Kokhlaf's ghost
 42919 | D:12     | Killed Frances
 43388 | Elf:3    | Reached skill level 8 in Summonings
 43391 | Elf:3    | Reached skill level 6 in Hexes
 43635 | Elf:3    | Identified the ring of Gin and Tonic {rC+ Stlth+}
 43654 | Elf:3    | Identified the +9 mace of Symmetry {speed, Dex+4}
 43781 | Elf:3    | Identified the +11 lajatang "Siebi" {freeze, rF+ Stlth+}
 43815 | Elf:3    | Identified the +4 arbalest of Responsibility {vorpal,
                  | rPois}
 44373 | Orc:2    | Bought a ring of protection from fire for 425 gold pieces
 44560 | Shoals:1 | Entered Level 1 of the Shoals
 44630 | Shoals:1 | Reached XP level 22. HP: 118/119 MP: 39/39
 44656 | Shoals:1 | araganzar: ??reaping
 44656 | Shoals:1 | beem: reaping[1/1]: A weapon brand that turns everything
                  | you kill into friendly zombies if a corpse is generated.
                  | Appears only on the unrandart Zonguldrok. Considered evil
                  | by the good gods.
 44777 | Shoals:1 | Reached skill level 7 in Hexes
 44777 | Shoals:1 | Reached skill level 9 in Summonings
 45524 | Shoals:2 | Noticed Ilsuiw
 45541 | Shoals:2 | Killed Ilsuiw
 45548 | Shoals:2 | Reached skill level 14 in Fighting
 46162 | Shoals:2 | Identified the +8 chain mail of Wupih {rC+}
 46288 | Shoals:3 | Learned a level 2 spell: Blink
 46288 | Shoals:3 | araganzar: ??manifold
 46288 | Shoals:3 | beem: I don't have a page labeled manifold in my learndb.
 46314 | Shoals:3 | Identified the ring "Wyistruad" {rC+ Will- rCorr MP+9
                  | Int-4}
 46348 | Shoals:3 | Reached skill level 13 in Spellcasting
 47121 | Shoals:4 | Entered Level 4 of the Shoals
 47183 | Shoals:4 | Reached skill level 14 in Spellcasting
 47361 | Shoals:4 | Got a barnacled rune of Zot
 47651 | Shoals:4 | Reached skill level 10 in Summonings
 47651 | Shoals:4 | Reached skill level 10 in Necromancy
 48531 | Depths:1 | Found a shimmering altar of Xom.
 48531 | Depths:1 | Found a shimmering altar of Xom.
 48531 | Depths:1 | Found a shimmering altar of Xom.
 48585 | Depths:1 | Found a shimmering altar of Xom.
 48595 | Depths:1 | Found a shimmering altar of Xom.
 48595 | Depths:1 | Found a shimmering altar of Xom.
 48609 | Depths:1 | Found a shimmering altar of Xom.
 48690 | Depths:1 | Noticed a juggernaut
 48731 | Depths:1 | Reached skill level 9 in Shields
 48876 | Depths:1 | Killed a juggernaut
 48915 | Depths:1 | Reached XP level 23. HP: 124/124 MP: 42/42
 48947 | Depths:1 | Found a one-way gate to the infinite horrors of the Abyss.
 48976 | Depths:1 | Found a one-way gate leading to the halls of Pandemonium.
 48999 | Depths:1 | Reached skill level 11 in Necromancy
 49031 | Depths:1 | Reached skill level 11 in Summonings
 49241 | Depths:1 | Found Meunoin's Book Emporium.
 49391 | Depths:1 | Identified the +2 ice dragon scales "Quhuh" {Rampage rF-
                  | rC++ rCorr}
 49394 | Depths:1 | Identified the +0 chain mail of Immorality {rElec Str+4}
 49457 | Depths:1 | Identified the +1 ring mail "Nalier" {*Corrode rN+++ Int+3
                  | Stlth+}
 49496 | Depths:1 | Noticed a juggernaut
 49522 | Depths:1 | Killed a juggernaut
 49668 | Depths:1 | Got the Almanac of the Compass and Conjuration
 49670 | Depths:1 | Identified the +4 scale mail "Yqaqy" {Int+6}
 50269 | Depths:2 | Reached skill level 12 in Summonings
 50345 | Depths:2 | Reached skill level 12 in Necromancy
 50501 | Depths:2 | Noticed Aizul
 50508 | Depths:2 | Killed Aizul
 50720 | Depths:3 | Identified the +3 falchion of Courage {vorpal, Will+ rCorr}
 50733 | Depths:3 | Reached skill level 13 in Necromancy
 50744 | Depths:2 | Noticed an ancient lich
 50796 | Depths:2 | Killed an ancient lich
 50810 | Depths:2 | Identified the +7 plate armour of Resonant Lucidity {rN+
                  | Dex+2}
 50911 | Depths:3 | Found an ancient bone altar of Kikubaaqudgha.
 50947 | Depths:3 | Noticed Louise
 51203 | Depths:3 | Reached skill level 14 in Necromancy
 51219 | Depths:3 | Found Baphi's Jewellery Shop.
 51224 | Depths:3 | Bought the ring "Tiysh" {Will++ EV+4} for 1079 gold pieces
 51325 | Depths:3 | Killed Louise
 51325 | Depths:3 | Enslaved Louise
 51672 | Depths:4 | Entered Level 4 of the Depths
 51672 | Depths:4 | Found a one-way gateway to a ziggurat.
 51704 | Depths:4 | Learned a level 7 spell: Haunt
 52105 | Depths:4 | Got the Tome of the Volcanoes
 52288 | Depths:4 | Reached skill level 13 in Summonings
 52295 | Depths:4 | Reached XP level 24. HP: 107/129 MP: 24/42
 52299 | Depths:4 | Reached skill level 15 in Spellcasting
 52329 | Depths:4 | Got the Incunabulum of the Birds
 52655 | Depths:4 | Found a gate to the Realm of Zot.
 52791 | Depths:4 | Reached skill level 16 in Spellcasting
 52803 | Depths:4 | Got Sif Muna's Volume of Contamination
 52907 | Depths:4 | Found Ibladdud's Weapon Shoppe.
 53494 | Vaults:5 | Entered Level 5 of the Vaults
 53709 | Vaults:5 | Found the +0 mask of the Dragon {Will+ Slay+3 SInv}
 53740 | Vaults:5 | Identified the +0 plate armour of the Mind {rElec rF+
                  | rCorr}
 53807 | Vaults:5 | Noticed a dread lich
 53858 | Vaults:5 | Reached skill level 15 in Fighting
 53889 | Vaults:5 | Killed a dread lich
 53918 | Vaults:5 | Identified the +5 spear of Wuehib {antimagic, rElec rPois
                  | rC+ Dex+4}
 54032 | Vaults:5 | Reached skill level 8 in Armour
 54037 | Vaults:5 | Noticed a dread lich
 54189 | Vaults:5 | Noticed a dread lich
 54214 | Vaults:5 | Reached skill level 9 in Armour
 54372 | Vaults:5 | Noticed an ancient lich
 54373 | Vaults:5 | Found Enadet's Book Shoppe.
 54388 | Vaults:5 | Killed an ancient lich
 54390 | Vaults:5 | Reached skill level 10 in Armour
 54415 | Vaults:5 | Bought a book of Dangerous Friends for 760 gold pieces
 54423 | Vaults:5 | Learned a level 7 spell: Spellforged Servitor
 54633 | Vaults:5 | Reached XP level 25. HP: 116/135 MP: 27/44
 54638 | Vaults:5 | Got a silver rune of Zot
 54644 | Vaults:5 | Identified the +1 ring mail "Geydd" {rN+}
 54693 | Vaults:5 | Noticed a dread lich
 54701 | Vaults:5 | Killed a dread lich
 54702 | Vaults:5 | Reached skill level 8 in Conjurations
 54723 | Vaults:5 | Got Sif Muna's Almanac of Quantum Shape Shifting
 54724 | Vaults:5 | Identified the +8 quarterstaff "Fuinir" {vorpal, Str-2
                  | Dex+4}
 54805 | Vaults:5 | Killed a dread lich
 54806 | Vaults:5 | Reached skill level 9 in Conjurations
 54986 | Vaults:5 | Noticed Jory
 55001 | Vaults:5 | Killed Jory
 55014 | Vaults:5 | Reached skill level 10 in Conjurations
 55713 | D:11     | Bought a scroll of amnesia for 52 gold pieces
 56130 | Zot:1    | Entered Level 1 of the Realm of Zot
 56140 | Zot:1    | Quit the game

Vanquished Creatures
  3 dread liches (Vaults:5)
  2 ancient liches
  2 juggernauts (Depths:1)
  A golden dragon (Depths:4)
  2 bone dragons (Depths:4)
  Jorgrun (D:12)
  5 tentacled monstrosities
  A walking earthen tome (Depths:1)
  6 deep elf blademasters
  A walking frostbound tome (Depths:1)
  3 titans (Vaults:5)
  4 deep elf master archers (Elf:3)
  A kraken (Shoals:3)
  7 tengu reavers
  A sphinx (Depths:4)
  A storm dragon (Vaults:3)
  Gastronok (Lair:2)
  A shadow dragon (Depths:4)
  Agnes (D:15)
  Donald (Vaults:1)
  Ilsuiw (Shoals:2)
  A draconian knight (Depths:4)
  2 fire giants
  2 ghost moths
  7 frost giants
  Aizul (Depths:2)
  12 vault wardens
  2 orc warlords (Orc:2)
  9 emperor scorpions
  8 deep elf sorcerers
  2 spectral caustic shrikes (Depths:3)
  A draconian scorcher (Depths:4)
  A spectral juggernaut (Depths:2)
  13 ironbound preservers
  3 deep elf elementalists (Elf:3)
  4 ironbound thunderhulks
  17 stone giants
  3 war gargoyles
  28 very ugly things
  4 deep elf demonologists
  4 vampire knights
  A black draconian (Depths:4)
  4 dire elephants (Vaults:2)
  A purple draconian (Depths:4)
  5 spark wasps
  9 deep elf annihilators
  A minotaur (D:13)
  A white draconian (IceCv)
  2 spectral titans (Depths:2)
  7 entropy weavers
  A crystal guardian (Vaults:1)
  6 deep elf death magi
  8 ettins
  8 merfolk javelineers
  4 fire dragons
  Josephine (D:15)
  A spectral golden dragon (Depths:2)
  6 merfolk impalers
  3 deep elf high priests
  Fannar (Lair:2)
  8 yaktaur captains
  5 great orbs of eyes
  2 spectral shadow dragons (Depths:2)
  2 spectral tengu (Depths:2)
  2 rakshasas
  32 vault guards
  A spriggan air mage (Depths:2)
  A juggernaut simulacrum (Depths:2)
  10 ironbound frosthearts
  A death knight (D:14)
  9 ice dragons
  2 merfolk avatars (Shoals:4)
  A spectral sphinx (Depths:2)
  3 centaur warriors
  A peacekeeper (Vaults:1)
  5 ogre magi
  8 hydras
  3 boulder beetles
  Erica (Lair:2)
  2 alligator snapping turtles (Shoals:4)
  26 dancing weapons
  12 two-headed ogres
  A deep troll earth mage (Vaults:5)
  A spectral frost giant (Depths:2)
  A merfolk aquamancer (Shoals:3)
  3 vampire magi
  6 death yaks
  3 satyrs
  A spriggan berserker (Depths:1)
  A tengu warrior (Depths:1)
  21 deep elf knights
  3 shock serpents (Depths:4)
  Sonja (D:12)
  A fire crab (Depths:4)
  10 hell knights
  A sun demon (Depths:1)
  3 iron trolls (Depths:4)
  A spark wasp zombie (Depths:4)
  A shadow demon (Depths:1)
  A shadow wraith (Shoals:1)
  35 deep trolls
  10 sea snakes
  A flayed ghost (Depths:2)
  A death drake (Depths:4)
  2 spectral iron dragons (Depths:2)
  2 glowing orange brains
  A shadow dragon zombie (Depths:4)
  5 lindwurms
  10 wizards
  Pikel (D:4)
  A spriggan simulacrum (Depths:2)
  4 phantasmal warriors
  12 ironbound convokers
  An orc knight (Vaults:5)
  5 harpies
  29 deep elf pyromancers
  2 mana vipers (Depths:4)
  4 deep elf archers
  6 necromancers
  16 orb spiders
  19 deep elf zephyrmancers
  A shining eye (Depths:4)
  12 fauns
  A wolf spider (shapeshifter) (Depths:4)
  A spectral spriggan (Depths:2)
  21 wolf spiders
  12 manticores
  60 ugly things
  2 moths of wrath
  6 orc sorcerers
  A cyclops (D:14)
  An elephant (shapeshifter) (Vaults:5)
  An elf zombie (Elf:3)
  4 torpor snails
  A black mamba (Lair:4)
  13 merfolk sirens
  9 elephants
  Maurice (D:11)
  2 naga magi (Depths:4)
  A rust devil (Depths:1)
  A titan simulacrum (Depths:2)
  3 water nymphs
  2 gargoyles
  2 orange demons (Depths:1)
  3 molten gargoyles
  11 vault sentinels
  A spectral slime creature (Vaults:3)
  An unseen horror (D:11)
  17 cane toads
  19 rime drakes
  2 komodo dragons
  2 spectral glowing shapeshifters (Depths:2)
  3 kobold demonologists
  14 yaktaurs
  7 demonic crawlers
  2 ice devils
  23 merfolk
  4 red devils
  3 tengu conjurers
  28 jumping spiders
  A meliai (shapeshifter) (Elf:1)
  17 polar bears
  3 trolls
  3 hornets
  5 wind drakes
  A merfolk (shapeshifter) (Vaults:5)
  A jumping spider (shapeshifter) (Vaults:3)
  2 sphinx simulacra (Depths:2)
  A raiju (Depths:4)
  A tengu simulacrum (Depths:2)
  6 snapping turtles
  14 blink frogs
  19 slime creatures
  Prince Ribbit (D:6)
  7 dream sheep
  An iron dragon simulacrum (Depths:2)
  2 air elementals (Elf:2)
  12 tarantellas
  52 redbacks
  7 water elementals
  6 wraiths
  5 fire bats (Volcano)
  21 yaks
  A shadow (D:9)
  6 wyverns
  3 fire elementals
  A wind drake zombie (Shoals:4)
  A golden eye (Depths:4)
  4 basilisks
  4 vampire mosquitoes (D:13)
  Edmund (D:3)
  3 deep troll zombies
  7 wargs
  An acid dragon (D:13)
  A merfolk zombie (Shoals:4)
  15 water moccasins
  2 hell hounds
  20 orc warriors
  2 sky beasts (Depths:4)
  3 black bears
  13 ogres
  2 boggarts
  8 wolves
  A phantom (D:4)
  4 centaurs
  4 kobold brigands
  A fire crab zombie (Depths:4)
  A yaktaur zombie (Vaults:4)
  13 bullfrogs
  3 gnoll sergeants
  A water moccasin zombie (D:4)
  An earth elemental (Elf:2)
  2 glowing shapeshifter simulacra (Depths:2)
  3 wights (D:8)
  4 lava snakes
  4 centaur zombies
  2 hounds
  A jelly (D:2)
  8 orc priests
  A bullfrog skeleton (D:7)
  A centaur skeleton (D:7)
  5 iguanas
  3 lightning spires (Depths:4)
  33 orc wizards
  4 hell rats (Lair:1)
  A sky beast zombie (Depths:4)
  15 gnolls
  3 adders
  An ufetubus (D:5)
  3 worms (D:2)
  A dart slug (D:10)
  80 orcs
  4 bats
  3 endoplasms
  3 giant cockroaches
  4 goblins
  11 hobgoblins
  6 jackals (D:1)
  4 quokkas
  7 ball pythons
  5 frilled lizards
  16 kobolds
  5 rats
  A spectral kobold (D:1)
  A snaplasher vine (Vaults:5)
1462 creatures vanquished.

Vanquished Creatures (collateral kills)
  A golden dragon (Vaults:3)
  Jory (Vaults:5)
  A tentacled monstrosity (Vaults:5)
  A lich (Vaults:3)
  A deep elf blademaster (Elf:3)
  A titan (Vaults:4)
  2 sphinxes
  A kraken (Shoals:4)
  A quicksilver dragon (Vaults:5)
  Frances (D:12)
  3 shadow dragons (Vaults:5)
  A storm dragon (Depths:1)
  A fire giant (Depths:4)
  2 deep elf sorcerers
  A frost giant (Vaults:5)
  A ghost moth (Spider:4)
  An emperor scorpion (Spider:4)
  A spectral caustic shrike (Depths:3)
  4 vault wardens
  2 ironbound thunderhulks
  5 ironbound preservers
  5 very ugly things
  3 entropy weavers
  3 deep elf annihilators
  A spark wasp (Depths:1)
  The ghost of Kokhlaf the Eclecticist, a journeyman DECj of Kikubaaqudgha (D:13)
  A white draconian (Depths:4)
  An eidolon (Depths:4)
  An ettin (Depths:1)
  3 dire elephants (Vaults:2)
  2 merfolk javelineers
  A crystal guardian (Vaults:4)
  5 merfolk impalers
  Harold (Lair:2)
  2 great orbs of eyes
  6 yaktaur captains
  2 rakshasas
  An ice dragon (Depths:4)
  A peacekeeper (Vaults:4)
  4 boulder beetles
  A spectral tengu (Depths:2)
  12 vault guards
  2 hydras
  An ice dragon (shapeshifter) (Vaults:3)
  An ironbound frostheart (IceCv)
  An ogre mage (Vaults:5)
  A merfolk avatar (Shoals:3)
  5 two-headed ogres
  A centaur warrior (D:13)
  2 satyrs (Shoals:4)
  A tengu warrior (D:14)
  A death yak (Lair:6)
  3 hell knights
  2 sun demons
  21 deep trolls
  3 sea snakes
  5 ironbound convokers
  3 wizards
  2 phantasmal warriors
  8 harpies
  3 necromancers
  An orc knight (D:14)
  A deep elf zephyrmancer (Elf:3)
  A manticore (Shoals:4)
  7 orb spiders
  16 ugly things
  17 wolf spiders
  2 moths of wrath
  6 fauns
  An orc sorcerer (Orc:2)
  2 deep elf pyromancers
  A cyclops (D:15)
  A centaur zombie (D:11)
  4 merfolk sirens
  A water nymph (Shoals:1)
  9 elephants
  A molten gargoyle (Depths:4)
  7 vault sentinels
  A smoke demon (Lair:6)
  2 black mambas (Lair:6)
  An orange demon (Lair:6)
  Maggie (Lair:2)
  8 cane toads
  5 yaktaurs
  A freezing wraith (Vaults:5)
  5 rime drakes
  2 demonic crawlers
  2 ice devils (Lair:6)
  A meliai (Depths:4)
  A red devil (Lair:6)
  9 merfolk
  12 jumping spiders
  7 blink frogs
  3 wind drakes
  4 dream sheep
  A human zombie (IceCv)
  2 snapping turtles
  11 slime creatures
  A centaur simulacrum (D:15)
  30 redbacks
  3 wraiths
  An air elemental (Depths:4)
  A shadow (D:12)
  6 yaks
  A wyvern (Lair:6)
  7 tarantellas
  A fire bat (Volcano)
  3 water elementals
  A basilisk (D:9)
  2 fire elementals
  A chaos spawn (Depths:1)
  A steam dragon (D:9)
  A warg (Orc:2)
  5 water moccasins
  4 hell hounds (Lair:6)
  A floating eye (Vaults:3)
  A black bear (shapeshifter) (Elf:2)
  An orc warrior (Vaults:5)
  5 ogres
  An earth elemental (Elf:3)
  2 electric eels
  2 lava snakes (Volcano)
  2 jellies (D:6)
  2 hell rats (Lair:1)
  4 orc wizards (Orc:2)
  A lightning spire (Depths:4)
  A howler monkey zombie (D:6)
  An adder (D:6)
  A worm (D:2)
  15 orcs
  A giant cockroach (D:3)
  A goblin (D:3)
  A jackal (D:1)
  A rat (D:3)
  2 plants
  2 tentacles (Shoals:4)
430 creatures vanquished.

Vanquished Creatures (others)
  A spectral stone giant (Depths:1)
  2 spectral elves
  3 spectral humans
  A quicksilver dragon zombie (Vaults:5)
  5 very ugly thing zombies
  A spectral merfolk (Shoals:4)
  A titan zombie (Vaults:5)
  A spectral hydra (D:15)
  A spectral deep troll (Depths:4)
  3 entropy weaver zombies
  A ghost moth zombie (Spider:2)
  A sphinx zombie (Vaults:1)
  2 deep elf zephyrmancers
  3 wolf spider zombies
  5 stone giant zombies
  16 ugly thing zombies
  A frost giant zombie (Vaults:5)
  A draconian zombie (Depths:4)
  A shock serpent zombie (Depths:4)
  5 spectral slime creatures (Vaults:1)
  A spectral rakshasa (Depths:3)
  A spriggan zombie (Depths:2)
  A sea snake zombie (Shoals:3)
  An iron troll zombie (Depths:4)
  A purple draconian zombie (Depths:4)
  An emperor scorpion zombie (Spider:4)
  A spectral glowing orange brain (Vaults:4)
  20 redback zombies
  2 harpy zombies
  2 demonic crawler zombies
  A jumping spider (Spider:1)
  6 tarantella zombies
  An ice dragon zombie (Depths:4)
  A meliai zombie (Elf:1)
  An ettin zombie (Vaults:5)
  9 jumping spider zombies
  A satyr zombie (Shoals:4)
  A tarantella (Spider:1)
  A spectral orange demon (Depths:1)
  5 ogre zombies
  11 deep troll zombies
  4 two-headed ogre zombies
  24 elf zombies
  4 faun zombies
  5 cane toad zombies
  6 orb spider zombies
  A hornet zombie (Depths:4)
  A manticore zombie (Shoals:4)
  A lindwurm zombie (Depths:4)
  3 elephant zombies
  5 blink frog zombies
  8 merfolk zombies
  8 rime drake zombies (IceCv)
  4 yaktaur zombies
  3 water moccasin zombies
  2 tengu zombies
  4 polar bear zombies (IceCv)
  A warg zombie (Orc:2)
  2 yak zombies
  A wolf zombie (Lair:2)
  3 bullfrog zombies
  A centaur zombie (D:8)
  A spectral boggart (Vaults:1)
  31 human zombies
  A hound zombie (D:7)
  A spectral jelly (D:2)
  2 adder zombies
  An orc (Orc:2)
  2 bat zombies
  3 ball python zombies (D:4)
  A giant cockroach zombie (D:3)
  6 gnoll zombies
  2 hobgoblin zombies
  A kobold zombie (D:10)
  41 orc zombies
  A rat zombie (D:3)
  A ball lightning (Depths:4)
  A bush (Lair:6)
  39 fungi
  88 plants
  5 snaplasher vines
  6 tentacles (Shoals:4)
449 creatures vanquished.

Grand Total: 2341 creatures vanquished
